General information
- name: BNet
- type: Ladder team game (AT/RT)
- host: Battle.net
- saver: LoveLoveLove
map: Mur'gulOasis
- players: 8
- length: 62:34
- speed: Fast
- version: 1.26 W3XP
- replay type: Public
» download(315 KB)
Players
team 1 (winner)
M.I.Bbel (
pink | 54 APM | 1451 actions | 26:41)
5 Far Seer
2 Feral Spirit
3 Chain Lighting
4 Shadow Hunter
2 Healing Wave
2 Serpent Ward
2 Tauren Chieftain
1 War Stomp
1 Endurance Aura
» actions
| Build / train | 79 | |
| Enter build submenu | 24 | |
| Enter hero's abilities submenu | 11 | |
| Right click | 881 | |
| Select / deselect | 367 | |
| Use ability | 89 | |
1451 total
» units
| Peon | 19 | |
| Grunt | 3 | |
| Troll Headhunter/Berserker | 3 | |
| Wind Rider | 14 | |
| Shaman | 11 | |
| Troll Witch Doctor | 1 | |
51 total
» upgrades
| Armor | 1 | |
| Melee Weapons | 1 | |
| Spiked Barricades | 1 | |
| Shaman Training | 2 | |
| Envenomed Spears | 1 | |
| Pillage | 1 | |
| Ranged Weapons | 1 | |
8 total
» buildings
| Altar of Storms | 1 | |
| Orc Burrow | 8 | |
| Barracks | 1 | |
| War Mill | 2 | |
| Stronghold | 1 | |
| Beastiary | 2 | |
| Spirit Lodge | 2 | |
| Fortress | 1 | |
| Watch Tower | 5 | |
| Great Hall | 2 | |
| Voodoo Lounge | 1 | |
26 total
» build order
00:22 Altar of Storms
00:25 Orc Burrow
00:56 Barracks
01:11 Orc Burrow
01:32 War Mill
01:37 War Mill
02:57 Orc Burrow
04:21 Stronghold
05:16 Orc Burrow
06:55 Beastiary
06:59 Beastiary
08:36 Spirit Lodge
08:40 Spirit Lodge
09:15 Fortress
09:33 Watch Tower
11:14 Orc Burrow
11:24 Great Hall
11:30 Great Hall
13:54 Orc Burrow
15:10 Watch Tower
15:14 Voodoo Lounge
15:20 Orc Burrow
16:54 Watch Tower
16:56 Watch Tower
18:24 Orc Burrow
18:56 Watch Tower
» items
| Scroll of Town Portal | 2 | |
| Healing Salve | 2 | |
4 total
LoveLoveLove (
orange | 56 APM | 3490 actions | 62:34)
7 Archmage
3 Summon Water Elemental
3 Brilliance Aura
1 Mass Teleport
» actions
| Assign group hotkey | 535 | |
| Basic commands | 268 | |
| Build / train | 107 | |
| Enter build submenu | 78 | |
| Enter hero's abilities submenu | 6 | |
| Give item / drop item | 3 | |
| Right click | 1598 | |
| Select / deselect | 411 | |
| Select group hotkey | 328 | |
| Use ability | 156 | |
3490 total
» units
| Peasant | 31 | |
| Footman | 3 | |
| Rifleman | 2 | |
| Gryphon Rider | 17 | |
| Mortar Team | 1 | |
| Siege Engine | 1 | |
55 total
» upgrades
| Lumber Harvesting | 2 | |
| Storm Hammers | 1 | |
| Swords | 3 | |
| Masonry | 3 | |
| Armor | 3 | |
| Animal War Training | 1 | |
| Gunpowder | 2 | |
| Magic Sentry | 1 | |
16 total
» buildings
| Altar of Kings | 1 | |
| Barracks | 1 | |
| Farm | 12 | |
| Scout Tower | 48 | |
| Blacksmith | 1 | |
| Arcane Tower | 1 | |
| Keep | 1 | |
| Town Hall | 4 | |
| Lumber Mill | 3 | |
| Castle | 1 | |
| Gryphon Aviary | 3 | |
| Arcane Vault | 4 | |
| Guard Tower | 8 | |
| Workshop | 7 | |
| Arcane Sanctum | 1 | |
96 total
» build order
00:47 Altar of Kings
00:49 Barracks
00:54 Farm
01:05 Farm
01:20 Scout Tower
01:36 Farm
02:15 Blacksmith
02:44 Arcane Tower
03:22 Keep
04:25 Farm
04:28 Farm
06:28 Town Hall
07:42 Lumber Mill
07:52 Castle
08:03 Gryphon Aviary
08:04 Gryphon Aviary
08:05 Gryphon Aviary
09:18 Farm
09:22 Farm
09:25 Farm
14:59 Town Hall
15:03 Scout Tower
15:04 Scout Tower
15:05 Scout Tower
15:07 Scout Tower
15:07 Scout Tower
15:08 Scout Tower
15:19 Arcane Vault
16:09 Guard Tower
16:11 Guard Tower
17:44 Arcane Vault
17:47 Arcane Vault
18:56 Town Hall
19:02 Scout Tower
19:03 Scout Tower
19:04 Scout Tower
19:05 Scout Tower
19:22 Lumber Mill
19:33 Farm
19:33 Farm
19:35 Farm
19:38 Farm
20:07 Guard Tower
21:39 Scout Tower
21:40 Scout Tower
21:41 Scout Tower
21:43 Scout Tower
21:43 Scout Tower
21:44 Scout Tower
21:46 Scout Tower
21:47 Scout Tower
21:48 Scout Tower
21:49 Scout Tower
21:50 Scout Tower
21:51 Scout Tower
21:51 Scout Tower
21:52 Scout Tower
21:59 Scout Tower
22:00 Scout Tower
22:03 Scout Tower
22:34 Guard Tower
23:47 Lumber Mill
24:15 Guard Tower
24:56 Scout Tower
24:57 Scout Tower
24:59 Scout Tower
25:00 Scout Tower
25:01 Scout Tower
25:03 Scout Tower
25:04 Scout Tower
25:05 Scout Tower
25:06 Scout Tower
25:06 Scout Tower
25:07 Scout Tower
27:02 Guard Tower
42:14 Town Hall
42:18 Scout Tower
42:19 Scout Tower
42:20 Scout Tower
42:21 Scout Tower
42:23 Scout Tower
42:25 Scout Tower
42:26 Scout Tower
42:27 Scout Tower
42:28 Scout Tower
42:55 Guard Tower
42:59 Arcane Vault
43:30 Guard Tower
45:03 Workshop
45:05 Workshop
46:11 Arcane Sanctum
50:19 Workshop
50:19 Workshop
50:20 Workshop
50:25 Workshop
50:29 Workshop
» items
| Scroll of Town Portal | 1 | |
| Potion of Healing | 1 | |
| Scroll of Regeneration | 5 | |
| Healing Salve | 5 | |
| Periapt of Vitality | 3 | |
| Staff of Teleportation | 1 | |
| Dust of Appearance | 1 | |
17 total
2easy4me (
purple | 44 APM | 2759 actions | 62:33)
6 Paladin
3 Holy Light
2 Divine Shield
1 Resurrection
4 Mountain King
2 Storm Bolt
2 Bash
» actions
| Assign group hotkey | 45 | |
| Basic commands | 5 | |
| Build / train | 131 | |
| ESC pressed | 14 | |
| Enter build submenu | 29 | |
| Enter hero's abilities submenu | 10 | |
| Give item / drop item | 8 | |
| Remove unit from queue | 11 | |
| Right click | 1582 | |
| Select / deselect | 599 | |
| Select group hotkey | 132 | |
| Use ability | 193 | |
2759 total
» units
| Peasant | 28 | |
| Footman | 12 | |
| Knight | 7 | |
| Siege Engine | 14 | |
| Makrura Deepseer | 2 | |
| Makrura Snapper | 1 | |
| Flying Machine | -9 | |
| Troll Batrider | 4 | |
| Shaman | 5 | |
| Troll Headhunter/Berserker | 1 | |
65 total
» upgrades
| Defend | 1 | |
| Lumber Harvesting | 1 | |
| Masonry | 1 | |
| Animal War Training | 1 | |
| Barrage | 1 | |
| Plating | 3 | |
| Swords | 1 | |
| Flak Cannons | 1 | |
10 total
» buildings
| Altar of Kings | 1 | |
| Farm | 13 | |
| Barracks | 2 | |
| Keep | 1 | |
| Arcane Vault | 1 | |
| Lumber Mill | 1 | |
| Town Hall | 3 | |
| Scout Tower | 4 | |
| Guard Tower | 2 | |
| Castle | 2 | |
| Blacksmith | 1 | |
| Workshop | 3 | |
34 total
» build order
00:03 Altar of Kings
00:04 Farm
00:34 Barracks
01:11 Farm
01:28 Farm
02:55 Barracks
02:59 Farm
05:22 Keep
05:24 Farm
05:25 Farm
05:28 Arcane Vault
05:32 Lumber Mill
06:29 Town Hall
06:33 Scout Tower
06:34 Scout Tower
06:37 Scout Tower
06:38 Scout Tower
07:51 Guard Tower
08:14 Farm
08:15 Farm
09:20 Castle
09:20 Castle
09:40 Blacksmith
12:20 Workshop
12:22 Workshop
12:24 Workshop
16:08 Farm
16:10 Farm
16:10 Farm
17:18 Town Hall
23:15 Farm
23:16 Farm
23:20 Guard Tower
29:39 Town Hall
» items
| Scroll of Healing | 1 | |
| Scroll of Protection | 2 | |
| Potion of Lesser Invulnerability | 2 | |
| Dust of Appearance | 2 | |
| Scroll of Town Portal | 4 | |
| Scroll of Regeneration | 2 | |
| Potion of Healing | 3 | |
| Lesser Clarity Potion | 6 | |
| Boots of Speed | 1 | |
| Ivory Tower | 1 | |
| Mechanical Critter | 1 | |
| Scroll of Speed | 1 | |
| Healing Salve | 1 | |
| Potion of Mana | 1 | |
28 total

»
b133 (
red | 37 APM | 2337 actions | 62:33)
7 Blademaster
3 Wind Walk
3 Critical Strike
1 Bladestorm
» actions
| Assign group hotkey | 43 | |
| Basic commands | 50 | |
| Build / train | 77 | |
| ESC pressed | 12 | |
| Enter build submenu | 42 | |
| Enter hero's abilities submenu | 7 | |
| Right click | 1126 | |
| Select / deselect | 643 | |
| Select group hotkey | 156 | |
| Use ability | 181 | |
2337 total
» units
| Peon | 13 | |
| Grunt | 7 | |
| Troll Batrider | 11 | |
| Raider | 9 | |
| Wind Rider | 3 | |
43 total
» upgrades
| Ensnare | 1 | |
| Liquid Fire | 1 | |
| Reinforced Defenses | 1 | |
| Armor | 3 | |
| Ranged Weapons | 3 | |
| Spiked Barricades | 3 | |
| Pillage | 1 | |
| Envenomed Spears | 1 | |
14 total
» buildings
| Altar of Storms | 2 | |
| Orc Burrow | 6 | |
| Barracks | 1 | |
| Stronghold | 1 | |
| Great Hall | 3 | |
| Fortress | 1 | |
| Voodoo Lounge | 1 | |
| Beastiary | 4 | |
| War Mill | 1 | |
| Watch Tower | 38 | |
58 total
» build order
00:10 Altar of Storms
00:21 Orc Burrow
00:44 Barracks
01:44 Orc Burrow
05:17 Orc Burrow
05:21 Stronghold
06:44 Great Hall
08:17 Fortress
08:22 Voodoo Lounge
10:46 Beastiary
10:50 Beastiary
11:43 Orc Burrow
13:09 War Mill
14:31 Watch Tower
14:32 Watch Tower
14:38 Watch Tower
17:19 Watch Tower
17:20 Watch Tower
18:56 Watch Tower
18:58 Watch Tower
18:59 Watch Tower
18:59 Watch Tower
23:04 Watch Tower
23:05 Watch Tower
23:06 Watch Tower
23:09 Watch Tower
24:36 Watch Tower
24:37 Watch Tower
32:42 Watch Tower
32:42 Watch Tower
32:43 Watch Tower
32:44 Watch Tower
32:46 Watch Tower
32:47 Watch Tower
34:38 Watch Tower
34:39 Watch Tower
34:40 Watch Tower
35:26 Beastiary
35:32 Beastiary
35:56 Great Hall
36:41 Watch Tower
36:42 Watch Tower
36:43 Watch Tower
36:47 Watch Tower
36:48 Watch Tower
37:29 Watch Tower
37:30 Watch Tower
37:43 Watch Tower
37:45 Watch Tower
37:46 Watch Tower
37:58 Watch Tower
38:12 Orc Burrow
38:29 Altar of Storms
38:57 Orc Burrow
39:03 Great Hall
39:22 Watch Tower
39:23 Watch Tower
39:24 Watch Tower
» items
| Boots of Speed | 1 | |
| Staff of Teleportation | 1 | |
| Dust of Appearance | 3 | |
| Scroll of Healing | 1 | |
| Potion of Lesser Invulnerability | 2 | |
| Orb of Lightning | 1 | |
| Staff of Sanctuary | 1 | |
10 total
team 2 (loser)
iAchieve_Dreams (
green | 24 APM | 72 actions | 03:00)
» actions
| Build / train | 9 | |
| Enter build submenu | 8 | |
| Right click | 31 | |
| Select / deselect | 17 | |
| Use ability | 7 | |
72 total
» units
» buildings
| Graveyard | 1 | |
| Crypt | 2 | |
| Ziggurat | 2 | |
| Altar of Darkness | 1 | |
| Tomb of Relics | 1 | |
7 total
» build order
00:23 Graveyard
00:35 Crypt
00:46 Ziggurat
01:06 Altar of Darkness
01:26 Tomb of Relics
01:37 Ziggurat
02:14 Crypt
imwastedagain (
teal | 15 APM | 410 actions | 28:05)
5 Death Knight
2 Death Coil
3 Unholy Aura
3 Pandaren Brewmaster
2 Drunken Brawler
1 Breath of Fire
» actions
| Basic commands | 95 | |
| Build / train | 61 | |
| Enter build submenu | 10 | |
| Enter hero's abilities submenu | 8 | |
| Give item / drop item | 3 | |
| Right click | 4 | |
| Select / deselect | 171 | |
| Use ability | 58 | |
410 total
» units
| Acolyte | 2 | |
| Ghoul | 2 | |
| Crypt Fiend | 15 | |
19 total
» upgrades
| Creature Attack | 3 | |
| Creature Carapace | 3 | |
| Web | 1 | |
7 total
» buildings
| Graveyard | 1 | |
| Crypt | 2 | |
| Ziggurat | 4 | |
| Altar of Darkness | 1 | |
| Tomb of Relics | 1 | |
| Halls of the Dead | 1 | |
| Black Citadel | 1 | |
| Spirit Tower | 3 | |
14 total
» build order
00:39 Graveyard
00:44 Crypt
00:51 Crypt
01:05 Ziggurat
01:25 Ziggurat
02:28 Altar of Darkness
02:37 Ziggurat
03:47 Ziggurat
03:54 Tomb of Relics
04:21 Halls of the Dead
07:22 Black Citadel
11:30 Spirit Tower
16:18 Spirit Tower
17:13 Spirit Tower
» items
| Dust of Appearance | 3 | |
| Potion of Healing | 10 | |
| Orb of Corruption | 2 | |
| Scroll of Town Portal | 5 | |
20 total
BSEBLLBATMASTER (
blue | 59 APM | 3660 actions | 62:33)
9 Blademaster
3 Wind Walk
3 Critical Strike
1 Bladestorm
2 Mirror Image
» actions
| Assign group hotkey | 38 | |
| Basic commands | 96 | |
| Build / train | 90 | |
| ESC pressed | 1 | |
| Enter build submenu | 36 | |
| Enter hero's abilities submenu | 9 | |
| Give item / drop item | 7 | |
| Right click | 1978 | |
| Select / deselect | 574 | |
| Select group hotkey | 688 | |
| Use ability | 143 | |
3660 total
» units
| Peon | 11 | |
| Grunt | 9 | |
| Acolyte | 1 | |
| Troll Batrider | 15 | |
| Demolisher | 5 | |
41 total
» upgrades
| Spiked Barricades | 3 | |
| Armor | 2 | |
| Ranged Weapons | 2 | |
| Pillage | 1 | |
| Berserker Strength | 1 | |
| Troll Regeneration | 1 | |
| Liquid Fire | 1 | |
| Reinforced Defenses | 1 | |
| Burning Oil | 2 | |
| Backpack | 1 | |
| Berserker Upgrade | 1 | |
16 total
» buildings
| Altar of Storms | 2 | |
| Orc Burrow | 7 | |
| Barracks | 3 | |
| War Mill | 2 | |
| Spirit Tower | 2 | |
| Watch Tower | 11 | |
| Voodoo Lounge | 3 | |
| Stronghold | 1 | |
| Beastiary | 2 | |
| Fortress | 1 | |
34 total
» build order
00:06 Altar of Storms
00:14 Orc Burrow
00:55 Barracks
01:23 Orc Burrow
02:17 War Mill
03:06 Orc Burrow
03:18 Spirit Tower
03:46 Watch Tower
03:51 Watch Tower
03:58 Watch Tower
04:32 Voodoo Lounge
04:43 Spirit Tower
05:12 Watch Tower
05:15 Stronghold
05:30 Watch Tower
05:38 Watch Tower
06:34 Orc Burrow
07:55 Watch Tower
08:00 Beastiary
08:03 Beastiary
08:08 Watch Tower
11:38 Fortress
28:32 Voodoo Lounge
39:30 Altar of Storms
40:19 Watch Tower
40:22 Watch Tower
40:25 Watch Tower
42:07 Voodoo Lounge
42:19 Orc Burrow
44:25 Orc Burrow
48:04 Barracks
48:06 Barracks
49:15 Orc Burrow
55:10 War Mill
» items
| Healing Salve | 5 | |
| Boots of Speed | 1 | |
| Lesser Clarity Potion | 6 | |
| Scroll of Town Portal | 2 | |
| Orb of Lightning | 2 | |
| Potion of Mana | 1 | |
| Tiny Great Hall | 1 | |
| Staff of Teleportation | 1 | |
19 total

»
Fear_Thy_Pro (
yellow | 39 APM | 1850 actions | 47:10)
10 Blademaster
3 Wind Walk
3 Critical Strike
1 Bladestorm
3 Mirror Image
3 Death Knight
2 Death Coil
1 Unholy Aura
» actions
| Basic commands | 18 | |
| Build / train | 67 | |
| Enter build submenu | 31 | |
| Enter hero's abilities submenu | 13 | |
| Give item / drop item | 4 | |
| Remove unit from queue | 1 | |
| Right click | 1099 | |
| Select / deselect | 491 | |
| Use ability | 126 | |
1850 total
» units
| Peon | 12 | |
| Acolyte | 3 | |
| Wind Rider | 8 | |
23 total
» upgrades
| Spiked Barricades | 1 | |
| Ranged Weapons | 3 | |
| Envenomed Spears | 1 | |
| Armor | 1 | |
| Reinforced Defenses | 1 | |
7 total
» buildings
| Altar of Storms | 1 | |
| Orc Burrow | 8 | |
| War Mill | 1 | |
| Voodoo Lounge | 1 | |
| Watch Tower | 11 | |
| Stronghold | 1 | |
| Beastiary | 4 | |
| Fortress | 1 | |
| Great Hall | 1 | |
29 total
» build order
00:15 Altar of Storms
00:17 Orc Burrow
00:34 War Mill
01:11 Voodoo Lounge
02:11 Watch Tower
02:42 Orc Burrow
03:34 Stronghold
03:43 Watch Tower
04:25 Watch Tower
05:40 Orc Burrow
06:01 Beastiary
06:04 Beastiary
06:10 Beastiary
06:49 Watch Tower
07:25 Beastiary
07:28 Orc Burrow
08:00 Fortress
08:38 Orc Burrow
12:58 Orc Burrow
13:54 Orc Burrow
15:40 Orc Burrow
16:36 Watch Tower
17:05 Watch Tower
21:47 Watch Tower
21:50 Watch Tower
21:52 Watch Tower
24:39 Great Hall
24:41 Watch Tower
24:43 Watch Tower
» items
| Healing Salve | 10 | |
| Lesser Clarity Potion | 4 | |
| Scroll of Healing | 1 | |
| Staff of Teleportation | 1 | |
| Orb of Lightning | 1 | |
| Potion of Healing | 1 | |
| Scroll of Town Portal | 2 | |
20 total
Chat log
(00:09 / Allies) 2easy4me: rush rush rush
(00:18 / Allies) b133: later wyvs
(00:24 / Allies) 2easy4me: 2 orc 2 human
(00:25 / Allies) 2easy4me: rush
(00:31 / Allies) 2easy4me: defend for foots and grunts = gg
(01:33 / Allies) b133: enemy 2 orc 2 ud
(01:38 / Allies) 2easy4me: okay.
(01:41 / Allies) 2easy4me: all the better\
(01:45 / Allies) b133: how?
(01:46 / Allies) 2easy4me: ud will go fiends
(01:58 / Allies) 2easy4me: and if he goes ghouls, then its still a win
(01:58 / Allies) 2easy4me: ghouls have lowest hp for fighting unit.
(02:15 / Allies) b133: militia is a fighting unit
(02:26 / Allies) 2easy4me: >.>
(02:36 / Allies) 2easy4me: looks like fiends to me
(02:42 / Allies) 2easy4me: graveyard already and 2 crypts
(03:03 / All) LoveLoveLove: lawl
(03:07 / Allies) 2easy4me: rush not definately
(03:10 / All) BSEBLLBATMASTER: Ragequit to bm harass
(03:16 / All) 2easy4me: so legit
(03:16 / All) imwastedagain: obviously
(03:35 / Allies) b133: come all
(05:54 / Allies) 2easy4me: no orange
(05:56 / Allies) 2easy4me: i was here first
(05:57 / Allies) b133: my mine
(05:57 / Allies) b133: plz
(05:59 / Allies) b133: not u oj
(06:01 / Allies) b133: let me mine
(06:02 / Allies) LoveLoveLove: I WAS
(06:05 / Allies) LoveLoveLove: I WASHERE FIRST
(06:05 / Allies) 2easy4me: i was here FIRST
(06:06 / Allies) 2easy4me: WTF
(06:07 / Allies) LoveLoveLove: I hid by the creep
(06:07 / Allies) 2easy4me: NO
(06:10 / Allies) LoveLoveLove: YES I WAS
(06:10 / Allies) b133: i was there 1st
(06:12 / Allies) 2easy4me: WHAT
(06:12 / Allies) 2easy4me: NO
(06:19 / Allies) LoveLoveLove: I hid by the creep
(06:22 / Allies) b133: i harassed him
(06:36 / Allies) 2easy4me: faggets...
(06:46 / Allies) 2easy4me: okay wtf red
(06:51 / Allies) LoveLoveLove: I hid by the creep I was there like 5 minutes before any of you with those
(07:00 / Allies) 2easy4me: you had 1 hero and 2 units
(07:05 / Allies) 2easy4me: either i or red should get
(07:08 / Allies) LoveLoveLove: I had 2 footman and like 2 riflemen
(07:08 / Allies) 2easy4me: i had more units though.
(07:12 / Allies) b133: i murdered him
(07:18 / Allies) LoveLoveLove: So I brought my peons up way before oyu
(07:20 / Allies) LoveLoveLove: You are blind
(07:23 / Allies) LoveLoveLove: don't even know my unit count
(07:26 / Allies) 2easy4me: you are bad.
(08:03 / Allies) 2easy4me: give me some gold once you're mine is up red
(08:07 / Allies) 2easy4me: i towered you
(08:11 / Allies) b133: thx lot
(09:32 / Allies) 2easy4me: too early
(09:36 / Allies) b133: fasts come
(09:39 / Allies) b133: the y trere
(09:55 / Allies) 2easy4me: brt
(10:48 / Allies) LoveLoveLove: thanks team
(10:55 / Allies) 2easy4me: np budddy
(11:04 / Allies) 2easy4me: herop
(11:04 / Allies) 2easy4me: herp
(11:55 / Allies) 2easy4me: tp out
(11:56 / Allies) 2easy4me: tp out
(12:50 / Allies) 2easy4me: gold me red
(12:52 / Allies) 2easy4me: or use it hard
(13:05 / Allies) LoveLoveLove: I'm not sure why you guys are being such pricks
(13:15 / Allies) 2easy4me: you tryed to steal mine
(13:18 / Allies) LoveLoveLove: Huh?
(13:22 / Allies) LoveLoveLove: I had peons up there way before any of you
(13:33 / Allies) LoveLoveLove: awtch replay
(13:40 / Allies) 2easy4me: k bud
(13:44 / Allies) 2easy4me: whatever lets you sleep at night
(15:26 / All) BSEBLLBATMASTER: maphack?
(15:27 / All) BSEBLLBATMASTER: wtf
(15:28 / Allies) 2easy4me: lets hit
(15:31 / All) 2easy4me: sorry
(15:34 / All) 2easy4me: i hax0rs
(15:38 / Allies) M.I.Bbel: k
(15:46 / Allies) 2easy4me: i dotn really/
(15:49 / Allies) 2easy4me: dont*
(15:54 / Allies) 2easy4me: meet
(16:03 / Allies) 2easy4me: was talking to blue
(16:05 / Allies) 2easy4me: being sarcastic
(16:13 / Allies) 2easy4me: D:
(16:14 / Allies) b133: they hit
(16:15 / Allies) b133: come
(16:17 / Allies) b133: tp
(16:17 / Allies) b133: fast
(16:19 / Allies) b133: tp
(16:23 / Allies) 2easy4me: why tp?
(16:25 / Allies) 2easy4me: and waste
(16:32 / Allies) 2easy4me: okay ill tp
(16:33 / Allies) 2easy4me: :)
(17:16 / All) BSEBLLBATMASTER: herosnipe and you have maphack
(17:17 / All) BSEBLLBATMASTER: lol
(17:37 / Allies) 2easy4me: no one?
(17:38 / Allies) 2easy4me: D:
(17:49 / Allies) 2easy4me: weait
(17:50 / Allies) 2easy4me: wait*
(19:18 / Allies) LoveLoveLove: wood
(19:32 / All) 2easy4me: MASS PRAWNS
(19:40 / Allies) LoveLoveLove: wood
(20:12 / Allies) 2easy4me: out
(20:17 / Allies) 2easy4me: red ogold me
(20:23 / Allies) 2easy4me: im massing tanks
(20:28 / Allies) 2easy4me: more
(20:30 / Allies) 2easy4me: you have 3k
(20:44 / Allies) 2easy4me: thats better
(20:45 / Allies) 2easy4me: ty
(20:48 / Allies) b133: where the fuck were u oj?
(20:56 / Allies) 2easy4me: playing with himself
(21:03 / 10) LoveLoveLove: dude you are fucking retarded I am about to just help my team win
(21:24 / Allies) 2easy4me: red
(21:27 / Allies) 2easy4me: seriously use gold or gie
(21:31 / Allies) 2easy4me: give*
(21:51 / Allies) b133: wtf oj?
(22:11 / Allies) 2easy4me: gold me red and i
(22:17 / Allies) 2easy4me: save your exp
(22:19 / Allies) 2easy4me: expo
(22:21 / 10) LoveLoveLove: wood
(22:25 / Allies) 2easy4me: eh nvm then
(22:35 / 10) LoveLoveLove: wood
(22:40 / All) BSEBLLBATMASTER: LOL
(22:41 / All) BSEBLLBATMASTER: nice Bm
(22:44 / All) BSEBLLBATMASTER: moron
(22:49 / Allies) 2easy4me: brt
(23:06 / Allies) LoveLoveLove: Wood me red
(23:18 / Allies) b133: after u didnt help us
(24:14 / Allies) 2easy4me: love the unupped towers
(24:23 / Allies) LoveLoveLove: I'm asking for wood faggot
(25:26 / Allies) LoveLoveLove: wood
(25:49 / Allies) LoveLoveLove: red you have bats trailiong
(26:26 / 10) LoveLoveLove: I need level 6
(26:27 / 10) LoveLoveLove: for mass tp
(26:47 / Allies) 2easy4me: qwtf.
(27:18 / Allies) 2easy4me: ORANGE
(27:19 / Allies) 2easy4me: GIVE GOLD
(27:20 / Allies) 2easy4me: OR WE LOSE
(27:25 / Allies) LoveLoveLove: Why should I ?
(27:29 / Allies) 2easy4me: game
(27:30 / Allies) 2easy4me: if you dont
(27:34 / Allies) 2easy4me: so go ahead if you dont want to
(27:40 / Allies) 2easy4me: we'll just lose
(27:53 / Allies) 2easy4me: and i heal you
(29:00 / All) BSEBLLBATMASTER: fucking maphacking trash
(29:02 / Allies) 2easy4me: mher
(29:04 / All) 2easy4me: so bad
(29:05 / All) b133: u are
(29:08 / All) b133: so bad
(29:10 / All) 2easy4me: i saw that
(29:11 / Allies) 2easy4me: you mher
(29:18 / All) BSEBLLBATMASTER: red you are 385-398 and you have maphack
(29:22 / All) BSEBLLBATMASTER: you aren't even 50% with hacks
(29:28 / Allies) 2easy4me: wtf orange
(29:29 / All) b133: its u
(29:34 / Allies) LoveLoveLove: You're a faggot prick
(29:40 / Allies) 2easy4me: haha okay
(29:59 / All) BSEBLLBATMASTER: i need it
(30:05 / Allies) 2easy4me: wtf noob
(30:06 / All) b133: needed what
(30:12 / All) BSEBLLBATMASTER: this expo fool
(30:30 / All) BSEBLLBATMASTER: wtf do you think, maphacker with no map awareness? lol
(30:33 / All) 2easy4me: sigh./
(30:38 / All) b133: wtf u calling me that for
(30:39 / Allies) LoveLoveLove: Attack yellow no one else
(30:42 / All) b133: idk whats going on
(30:47 / Allies) LoveLoveLove: Or I attack you
(30:52 / Allies) 2easy4me: rofl.
(30:55 / Allies) 2easy4me: freaking moron
(31:04 / Allies) 2easy4me: wtf.
(31:29 / Allies) 2easy4me: wow
(31:32 / Allies) 2easy4me: frekaing douche
(31:45 / Allies) 2easy4me: yeah IM the prick.
(31:51 / Allies) 2easy4me: you're a stupid little hypocrit.
(31:55 / Allies) LoveLoveLove: Yeah you and red
(31:59 / Allies) 2easy4me: rofl
(32:10 / Allies) 2easy4me: i dont think you realize how idioticyou are.
(33:36 / All) BSEBLLBATMASTER: maphacker
(33:37 / All) BSEBLLBATMASTER: wtf
(33:48 / All) 2easy4me: get used to it
(33:52 / All) BSEBLLBATMASTER: nice ensnare bro
(33:57 / All) BSEBLLBATMASTER: no cancel on the staff
(34:22 / Allies) b133: enough oj
(34:43 / Allies) 2easy4me: he's a noob
(34:45 / Allies) 2easy4me: sorry.
(34:48 / All) BSEBLLBATMASTER: red, you maphacked all game. now you're being stabbed. you aren't even at 50% with hacks. how does all of this make you feel?
(34:55 / All) BSEBLLBATMASTER: you are terrible at wc3, and don't be afraid to admit it
(34:59 / All) b133: wtf u talking about
(35:04 / All) b133: im afk half the time
(35:05 / All) LoveLoveLove: He attacked my hall earlier
(35:05 / All) BSEBLLBATMASTER: oj is on my team fool
(35:08 / All) BSEBLLBATMASTER: he is whispering me
(35:08 / All) LoveLoveLove: He stabbed me first
(35:17 / All) b133: whos wispering
(35:19 / All) BSEBLLBATMASTER: you've seen my BM wind walked wherever it is, obvious maphack
(35:33 / All) BSEBLLBATMASTER: not even trying to conceal it. don't play stupid, dumbfuck. you are without having to act it
(36:38 / Allies) LoveLoveLove: :)
(36:52 / All) BSEBLLBATMASTER: you lost your BM to me twice carelessly BTW red
(37:07 / All) b133: well thats what hapens when ur afk
(37:14 / All) BSEBLLBATMASTER: lol, or staring at the enemy base
(37:31 / All) LoveLoveLove: Bottom right expo he is trying to take
(37:39 / All) BSEBLLBATMASTER: I'll take it first
(37:43 / All) BSEBLLBATMASTER: The bot left
(37:45 / All) LoveLoveLove: he's got a line of towers
(38:04 / All) 2easy4me: "lovelovelove" probably a fagget
(38:11 / All) BSEBLLBATMASTER: umad
(38:18 / Allies) 2easy4me: ubad
(38:21 / All) 2easy4me: u bad
(38:28 / All) 2easy4me: you gotta get a win from a bser
(38:31 / All) 2easy4me: after i own uo
(38:43 / All) BSEBLLBATMASTER: uo?
(38:45 / All) BSEBLLBATMASTER: ultima online
(39:18 / All) 2easy4me: dead bm
(39:26 / All) BSEBLLBATMASTER: yeah, my bad
(39:37 / Allies) LoveLoveLove: Stop me red
(39:38 / All) BSEBLLBATMASTER: projectiles hitting after running out of distance is so gay
(39:53 / All) 2easy4me: he stopped you.
(39:58 / All) BSEBLLBATMASTER: ?
(40:01 / All) BSEBLLBATMASTER: I have an expo now
(40:02 / Allies) LoveLoveLove: I'm still tehre
(40:04 / All) BSEBLLBATMASTER: doesn't even matter
(40:09 / Allies) 2easy4me: lol orange
(40:11 / Allies) 2easy4me: you're such a tool
(40:18 / Allies) 2easy4me: think you're cool cause the ENEMY is siding with you.
(40:25 / Allies) 2easy4me: still 2-1 upgrades
(40:34 / Allies) 2easy4me: gj red.
(40:34 / Allies) 2easy4me: >.>
(40:44 / Allies) 2easy4me: he's on right
(40:46 / Allies) 2easy4me: on right
(44:11 / Allies) LoveLoveLove: Purple, red
(44:13 / Allies) LoveLoveLove: Do something
(44:16 / Allies) LoveLoveLove: Oh wait
(44:17 / Allies) LoveLoveLove: :)
(47:03 / Allies) 2easy4me: prow
(47:04 / All) Fear_Thy_Pro: I tped but okay.
(47:06 / All) Fear_Thy_Pro: noob game
(47:08 / All) LoveLoveLove: lol
(47:10 / All) BSEBLLBATMASTER: sure
(47:19 / All) LoveLoveLove: Having fun purple?
(47:25 / All) 2easy4me: very much so
(47:27 / All) BSEBLLBATMASTER: Red the maphacking pile of shit and purple are still in-game
(47:30 / All) LoveLoveLove: Not as much as I am
(47:43 / All) 2easy4me: i dont deserrve anything?
(47:43 / All) LoveLoveLove: They probably thing they can win
(47:50 / All) 2easy4me: i was fine?
(47:54 / All) BSEBLLBATMASTER: Was
(47:57 / All) BSEBLLBATMASTER: You're pissed now
(47:57 / All) 2easy4me: red took the mine which made noob orange rage
(48:01 / All) 2easy4me: so yeah
(48:06 / All) LoveLoveLove: Nah blue is my friend
(48:09 / All) LoveLoveLove: I was going to bs anyway
(48:12 / All) 2easy4me: thats cool
(48:16 / All) LoveLoveLove: Still
(48:18 / All) LoveLoveLove: I was there first
(48:21 / All) LoveLoveLove: Way before you guys
(48:35 / All) LoveLoveLove: red "harassed" it therefore he claimed ownership even though we were rushing
(48:40 / All) LoveLoveLove: and I plopped down a hall first
(48:48 / All) 2easy4me: cry moar noob
(48:49 / All) LoveLoveLove: I was hiding my peons in the creep so they wouldn't see them
(48:50 / All) 2easy4me: get over it
(48:57 / All) BSEBLLBATMASTER: I wanted to stab yellow for being a moron and teal because I recognised his name from ages ago, but they took care of themselve
(49:00 / All) BSEBLLBATMASTER: elves
(49:01 / All) LoveLoveLove: What makes you think I'm crying?
(49:06 / All) LoveLoveLove: I'm just stating patent facts
(49:09 / Allies) b133: u wud bs even if we gave u the mine?
(49:12 / All) LoveLoveLove: You are going to lose btw
(49:14 / All) LoveLoveLove: Since his team left
(49:17 / All) LoveLoveLove: Yeah
(49:20 / All) LoveLoveLove: I would have
(49:34 / All) LoveLoveLove: But you didn't give you attacked my hall
(49:39 / All) LoveLoveLove: Asking for a backstab regardless
(49:39 / Allies) b133: have u ever been bsed urself b4 u got to bs the other player?
(49:47 / All) LoveLoveLove: Anyone would have stabbed you after that
(49:53 / All) LoveLoveLove: If you're gonna attack hall prepare to kill them utterly
(49:55 / All) BSEBLLBATMASTER: Take, take, take. Learn to give.
(50:08 / All) LoveLoveLove: I've never been bsed
(50:22 / All) 2easy4me: i love oranges 20k gold
(50:23 / Allies) b133: what if there were a bser on your side
(50:28 / Allies) b133: and he bsed u 1st?
(50:28 / All) BSEBLLBATMASTER: Me, too
(50:42 / All) LoveLoveLove: Hasn't happened other than militia tp
(50:47 / All) 2easy4me: this isnt worth the wait honestly.
(50:53 / All) BSEBLLBATMASTER: Then leave, faggot
(50:57 / All) 2easy4me: thats still bs orange
(50:58 / Allies) b133: but if there were, what would u do
(50:59 / All) 2easy4me: dumb noob
(51:03 / All) 2easy4me: i was going to
(51:05 / All) 2easy4me: now im not
(51:08 / All) LoveLoveLove: Well it doesn't matter to me
(51:17 / All) LoveLoveLove: I try to prevent assess to see if I can win
(51:18 / All) LoveLoveLove: if not leave
(51:24 / All) 2easy4me: You really should get better blue
(51:27 / All) 2easy4me: you're pretty bad
(51:30 / All) 2easy4me: teching on rush map
(51:30 / All) BSEBLLBATMASTER: I soloed this with 1 hero
(51:35 / All) 2easy4me: LOL
(51:37 / All) 2easy4me: Kk bud
(51:37 / Allies) b133: u try to prevent asses?
(51:41 / All) 2easy4me: orange bsed
(51:43 / All) BSEBLLBATMASTER: Orange did the main killing
(51:43 / All) 2easy4me: you did nothing
(51:48 / All) BSEBLLBATMASTER: I ensured that everyone couldn't recover
(51:53 / All) BSEBLLBATMASTER: I took down two of your expos. One hero, son
(51:58 / All) LoveLoveLove: add a comma after prevent
(52:02 / All) LoveLoveLove: assess
(52:05 / All) LoveLoveLove: Look up the word
(52:11 / Allies) b133: oj have u tried ffa?
(52:19 / All) LoveLoveLove: Yeah
(52:23 / Allies) b133: u good?
(52:24 / All) LoveLoveLove: We team in that
(52:33 / All) BSEBLLBATMASTER: If two expos die to 1 BM, you're bad and deserve the loss purple
(52:34 / Allies) b133: where do u live btw
(52:35 / All) LoveLoveLove: Are you trying to say you are good?
(52:41 / All) LoveLoveLove: You're sub 50% with map hack
(52:42 / All) 2easy4me: lol blue
(52:44 / All) LoveLoveLove: 0-8 ffa
(52:47 / All) LoveLoveLove: with map hack
(53:02 / All) BSEBLLBATMASTER: Red is sub 50 with maphack too
(53:03 / Allies) b133: do u live in usa?
(53:04 / All) LoveLoveLove: Aw
(53:05 / Allies) 2easy4me: ffa is EASY
(53:10 / All) LoveLoveLove: You already killed red
(53:14 / All) LoveLoveLove: I was going to assault with tanks
(53:15 / All) BSEBLLBATMASTER: You had a whole team of faggots and shitties
(53:42 / All) BSEBLLBATMASTER: See the blue BMs? Nice maphack, sir
(53:53 / All) b133: ?
(54:02 / All) BSEBLLBATMASTER: Oh look, red is back to feel his loss
(54:29 / All) LoveLoveLove: Purple tried to buddy up with red for gold lol
(54:48 / Allies) b133: what wud u have done if some1 bsed u 1st oj?
(54:59 / All) LoveLoveLove: I would bs them back
(55:04 / All) LoveLoveLove: Or leave
(55:08 / All) LoveLoveLove: Why do you ask
(55:12 / All) LoveLoveLove: You are the one that attacked me first
(55:17 / All) BSEBLLBATMASTER: Like my war mill?
(55:19 / Allies) b133: but if u leave, then u give them the satisfaction
(55:21 / All) LoveLoveLove: I had already planned to take that gold mine
(55:23 / All) LoveLoveLove: well before you people
(55:28 / All) LoveLoveLove: watch replay I had you all beat
(55:32 / Allies) b133: how old r u
(55:34 / All) LoveLoveLove: I was bringing up peons as I went up there
(55:39 / All) LoveLoveLove: Because I told blue I was taking it
(55:41 / Allies) b133: u dont even have peons
(55:46 / Allies) b133: u have peasants
(55:47 / All) LoveLoveLove: it's generic
(55:48 / All) LoveLoveLove: for worker
(55:49 / All) LoveLoveLove: unit
(55:57 / All) BSEBLLBATMASTER: I love how when red had a perfect opportunity he didn't even kill my T3. Absolutely garbage. He threw his BM away countless tim
(55:59 / All) BSEBLLBATMASTER: times.
(56:13 / Allies) b133: so blue wud have helped u take his ally's mine?
(56:30 / All) b133: what t3 r u talking about?
(56:38 / All) LoveLoveLove: HE would have let me take it
(56:40 / All) BSEBLLBATMASTER: My fortress
(56:42 / All) BSEBLLBATMASTER: jackass
(56:55 / All) b133: r u mad at me for some reason?
(57:01 / All) BSEBLLBATMASTER: not at all
(57:08 / All) LoveLoveLove: You were either going to lose or being stuck in a game you couldn't win anyway
(57:12 / All) LoveLoveLove: But yeah you are a shitbag
(57:17 / All) LoveLoveLove: MAp hacker and attacked me hall
(57:18 / All) b133: how so?
(57:19 / All) LoveLoveLove: that I was building
(57:26 / All) b133: i just guess things
(57:27 / All) BSEBLLBATMASTER: because you're a typical stereotypical maphacking bag of shit who's sub 50% with hacks and terrible at the game
(57:29 / All) b133: what hacking?
(57:32 / All) LoveLoveLove: You are a map hacker
(57:38 / All) LoveLoveLove: WE thought it was going to be an error
(57:39 / All) b133: its called random guessing
(57:40 / All) LoveLoveLove: when game started
(57:43 / All) BSEBLLBATMASTER: how about all of your stuff automagically going after mine through fog of war?
(57:45 / All) LoveLoveLove: then I said someone must have hacks
(57:51 / All) BSEBLLBATMASTER: such as 500 km bat explosions?
(58:05 / All) LoveLoveLove: You do guess right 10/10 times and it be random
(58:08 / All) LoveLoveLove: don't*
(58:11 / All) b133: what r 500 km bat explosions
(58:19 / All) b133: well it is possible
(58:33 / All) b133: but im not that acurrate
(58:34 / All) BSEBLLBATMASTER: either you're playing stupid or you're a lobotomized shit-flinging cranially challenged ape
(58:46 / All) b133: well, if i am, how is it my fault
(58:50 / All) b133: if im lobotomized
(58:57 / All) BSEBLLBATMASTER: you voluntarily had half your brain removed
(59:00 / All) BSEBLLBATMASTER: what the fuck do you think
(59:06 / All) b133: what u mean 500 km bat explosions
(59:10 / All) BSEBLLBATMASTER: lol
(59:12 / All) b133: bats r supposed to explode
(59:21 / All) b133: ur bats exploded too
(59:24 / All) BSEBLLBATMASTER: not through fog of war, maphacking trash
(59:32 / All) b133: neither did mine
(59:40 / All) b133: they just flew around
(59:41 / All) BSEBLLBATMASTER: cool story brah
(59:47 / All) b133: and saw u
(59:50 / All) LoveLoveLove: This is the end
(59:54 / All) b133: and got martyrdom
(59:56 / All) BSEBLLBATMASTER: The bitter, bitter end
(60:00 / All) BSEBLLBATMASTER: HIGHPER.CH
(60:07 / All) LoveLoveLove: Stop me red
(60:09 / All) LoveLoveLove: Stop me purple
(60:16 / All) BSEBLLBATMASTER: Get your drophack up
(60:18 / All) b133: what even happens if someone supposedly maphacks?
(60:25 / All) LoveLoveLove: Not a damn thing
(60:26 / All) BSEBLLBATMASTER: Nothing for years, fool
(60:34 / All) b133: since how many years?
(60:36 / All) BSEBLLBATMASTER: Except humiliation by stabbers, I suppose.
(60:38 / All) BSEBLLBATMASTER: too many
(60:42 / All) LoveLoveLove: Unless they update and you're caught with one they can detect
(60:46 / All) LoveLoveLove: Then you get your cd-key banned
(60:47 / All) b133: and how would drophack help me now?
(60:52 / All) b133: b/c u still get a loss
(60:53 / All) LoveLoveLove: But that won't happen, probably
(61:06 / All) b133: what if u send blizzard a msg?
(61:07 / All) BSEBLLBATMASTER: Karune might do it if he's making a new banner ad system
(61:11 / All) LoveLoveLove: they don't care
(61:16 / All) b133: whos Karune?
(61:25 / All) LoveLoveLove: A cocksucker
(61:31 / All) b133: mmm co ck
(61:33 / All) BSEBLLBATMASTER: A subhuman gorilla
(61:33 / All) LoveLoveLove: You'd get along famously
(61:34 / All) b133: cocka cola
(61:47 / All) b133: like that 6 year old giving me a blowjob
(61:48 / All) BSEBLLBATMASTER: Red must be expressing his inner retardation
(61:53 / All) LoveLoveLove: I will say if you ever did what you did to me
(62:04 / All) LoveLoveLove: Everyone that you did it to will just sit in their base waiting to team kill you
(62:09 / All) LoveLoveLove: Unless they really care about their record
(62:28 / All) LoveLoveLove: To an exceptional degree even for BNEt faggots
(62:30 / All) BSEBLLBATMASTER: SURPRISE BITCH
(62:30 / All) b133: well, im sorry if i hurt ur feelings